 Dungeon Crawl Stone Soup version 0.17.0-23-g0de4337 (webtiles) character file.

368288 ketsa the Executioner (level 21, -2/204 HPs)
             Began as a Minotaur Berserker on Nov 13, 2015.
             Was the Champion of Trog.
             Slain by a thrashing horror (10 damage)
             ... while paralysed by something
             ... in a wizard's laboratory on Nov 14, 2015.
             The game lasted 04:29:37 (65027 turns).

ketsa the Executioner (Minotaur Berserker)         Turns: 65027, Time: 04:29:37

Health: -2/204     AC: 33    Str: 34    XL:     21   Next: 64%
Magic:  27/27      EV: -1    Int:  4    God:    Trog [******]
Gold:   2032       SH:  0    Dex: 17    Spells: 0 memorised, 20 levels left

rFire  + + +     SeeInvis .     U - +10 battleaxe of the Moth {chop, rElec rPois rF+++ Int-4}
rCold  . . .     Clarity  +     F - +3 plate armour {rF+}
rNeg   + . .     SustAt   .     (shield currently unavailable)
rPois  +         Gourm    .     j - +0 hat {Int+3}
rElec  +         Spirit   .     O - +2 cloak {rPois}
rCorr  +         Warding  .     W - +0 pair of gloves "Gymeyts" {rCorr}
rMut   .         Stasis   .     I - +1 pair of boots {run}
MR     +....                    J - amulet "Uzosaz" {Clar rF+ rC+ Dex+3 Stlth-}
Stlth  ..........               n - ring of flight
                                w - ring of Duptalib {Fire rPois rN+ Str+4 Dex+3}

@: paralysed, constricted, quick, somewhat resistant to hostile enchantments,
extremely unstealthy
A: retaliatory headbutt, horns 2, wild magic 1
a: Berserk, Trog's Hand, Brothers in Arms, Burn Spellbooks, Renounce Religion,
Evoke Flight
}: 2/15 runes: serpentine, barnacled


You were in a wizard's laboratory.
You worshipped Trog.
Trog was exalted by your worship.
You were hungry.

You visited 11 branches of the dungeon, and saw 46 of its levels.
You also visited: Labyrinth and Wizlab.

You collected 4401 gold pieces.
You spent 2369 gold pieces at shops.

Inventory:

Hand Weapons
 l - a +5 antimagic executioner's axe
 U - the +10 battleaxe of the Moth (weapon) {chop, rElec rPois rF+++ Int-4}
   (Trog gifted it to you on level 3 of the Snake Pit)

   It inflicts extra damage upon your enemies.
   It affects your intelligence (-4).
   It renders you almost immune to fire.
   It insulates you from electricity.
   It protects you from poison.
Missiles
 C - 36 javelins of returning (quivered)
 N - 7 javelins of penetration
Armour
 j - a +0 hat of intelligence (worn)
 F - a +3 plate armour of fire resistance (worn)
 I - a +1 pair of boots of running (worn)
 K - the +0 cloak "Bergh" {rElec Int+2}
   (You found it in a wizard's laboratory)

   It affects your intelligence (+2).
   It insulates you from electricity.
 O - a +2 cloak of poison resistance (worn)
 W - the +0 pair of gloves "Gymeyts" (worn) {rCorr}
   (You found it on level 4 of the Snake Pit)

   It protects you from acid and corrosion.
Rods
 T - a +0 rod of clouds (13/13)
   (You found it on level 1 of the Lair of Beasts)
Jewellery
 b - an uncursed amulet of resist corrosion
 e - an uncursed ring of teleportation
 n - a ring of flight (right hand)
 t - an uncursed amulet of regeneration
 w - the ring of Duptalib (left hand) {Fire rPois rN+ Str+4 Dex+3}
   (You found it on level 3 of the Vaults)

   [ring of fire]

   It enhances your fire magic, and weakens your ice magic.
   It affects your strength (+4).
   It affects your dexterity (+3).
   It protects you from fire.
   It makes you vulnerable to cold.
   It protects you from poison.
   It protects you from negative energy.
 A - the ring of Tension {Ice MR+ MP+9}
   (You found it on level 4 of the Shoals)

   [ring of ice]

   It enhances your ice magic, and weakens your fire magic.
   It makes you vulnerable to fire.
   It protects you from cold.
   It affects your resistance to hostile enchantments.
   It affects your magic capacity (+9).
 J - the amulet "Uzosaz" (around neck) {Clar rF+ rC+ Dex+3 Stlth-}
   (You bought it in a shop on level 4 of the Orcish Mines)

   [amulet of clarity]

   It provides mental clarity.
   It affects your dexterity (+3).
   It protects you from fire.
   It protects you from cold.
   It makes you less stealthy.
 M - an uncursed ring of sustain attributes
Wands
 a - a wand of disintegration (5)
 k - a wand of fireball (6)
 P - a wand of teleportation (4)
 Q - a wand of draining (5)
 R - a wand of lightning (1)
 V - a wand of hasting (5)
 Z - a wand of disintegration (5)
Scrolls
 h - 6 scrolls of enchant armour
 o - 2 scrolls of fog
 p - 17 scrolls of remove curse
 q - 12 scrolls of teleportation
 s - 3 scrolls of blinking
 u - a scroll of silence
 x - a scroll of brand weapon
 y - 6 scrolls of recharging
 D - 10 scrolls of magic mapping
 L - 3 scrolls of fear
 Y - 7 scrolls of enchant weapon
Potions
 d - 4 potions of might
 f - 3 potions of invisibility
 i - 16 potions of curing
 r - 6 potions of haste
 z - 10 potions of heal wounds
 B - 5 potions of cure mutation
 E - 2 potions of agility
 H - 8 potions of flight
 S - 2 potions of resistance
 X - 3 potions of cancellation
Miscellaneous
 m - a phial of floods
 v - a lamp of fire
Comestibles
 c - 18 bread rations
 G - a chunk of flesh


   Skills:
 + Level 21.0 Fighting
 - Level 24.4 Axes
 - Level 9.7 Throwing
 + Level 24.4 Armour
 + Level 7.9 Dodging
 - Level 9.8 Evocations


You had 20 spell levels left.
You didn't know any spells.

Dungeon Overview and Level Annotations

Branches:
Dungeon (15/15)            Temple (1/1) D:6            Lair (8/8) D:8
 Shoals (4/4) Lair:5        Snake (4/4) Lair:5        Slime (1/6) Lair:8
    Orc (4/4) D:12            Elf (1/3) Orc:3        Vaults (4/5) D:13
  Crypt (1/3) Vaults:3     Depths (3/5) D:15

Altars:
Ashenzari
Cheibriados
Dithmenos
Elyvilon
Fedhas
Gozag
Kikubaaqudgha
Makhleb
Nemelex Xobeh
Okawaru
Qazlal
Ru
Sif Muna
Trog
Vehumet
Xom
Yredelemnul
Zin
The Shining One
Beogh

Shops:
D:8 *   D:15 %*   Orc:1 !   Orc:4 (%[(=*[(   Shoals:4 !}((*   Vaults:3 !

Portals:
Hell: Depths:1
Trove: D:13 (give 11 potions of heal wounds)

Annotations:
Lair:6 exclusion: downstairs
Snake:3 exclusion: downstairs


Innate Abilities, Weirdness & Mutations

You reflexively headbutt those who attack you in melee.
You have a pair of horns on your head.
Your spells are a little harder to cast, but a little more powerful.


Message History

The large abomination hits you!!
The thrashing horror tramples you but does no damage. x2
Something touches you but does no damage.
The tentacled monstrosity tentacle-slaps you!
The tentacled monstrosity tentacle-slaps you but does no damage. x2
The tentacled monstrosity tentacle-slaps you.
The tentacled monstrosity tentacle-slaps you but does no damage. x2
The tentacled monstrosity constricts you.
The Shadow Fiend calls on the powers of darkness!
Your body is wracked with pain!
* * * LOW HITPOINT WARNING * * *
You are feeling hungry.
The thrashing horror tramples you!
* * * LOW HITPOINT WARNING * * *
You hold your ground!
The thrashing horror tramples you but does no damage.
The thrashing horror tramples you!
* * * LOW HITPOINT WARNING * * *
You hold your ground!
The thrashing horror tramples you!
You die...

##..##### #...#...
#.#..# #####..#
######. . #.≈#..#
###..... .. ##.#.###
#©......... #≈..###≈
#....#...#####.#....
#..X##...#.#..#.#≈#.
#.X1X....#._.≈..#.#.
#.@{....#.#.#.#≈#.#
#.XX...##.....≈##≈#
###...©#########.#.
##### #..#≈ #####


You could see 2 tentacled monstrosities, a Shadow Fiend, a thrashing horror and
2 large abominations.

Vanquished Creatures
  Norris (Vaults:3)
  Rupert (Lair:7)
  An eldritch tentacle (WizLab)
  3 krakens
  A tentacled starspawn (WizLab)
  Polyphemus (Shoals:2)
  An octopode crusher (Depths:1)
  Kirke (Lair:6)
  2 sphinxes
  Ilsuiw (Shoals:2)
  2 fire giants
  7 greater nagas (Snake:4)
  Donald (Shoals:2)
  A deep elf sorcerer (Vaults:3)
  Louise (Snake:1)
  An orc warlord (Orc:4)
  7 vault wardens
  16 ironheart preservers
  7 stone giants
  4 very ugly things
  A deep elf demonologist (Vaults:3)
  A dire elephant (D:15)
  Nessos (Orc:4)
  A black draconian (WizLab)
  A salamander stormcaller (Vaults:2)
  3 deep elf annihilators
  2 ettins
  Snorg (D:13)
  6 merfolk javelineers
  2 deep elf death magi (Vaults:3)
  A minotaur (Lab)
  Erolcha (D:9)
  4 vault guards (Vaults:1)
  The ghost of Anothat the Grappler, a journeyman TrMo of Cheibriados (D:11)
  12 merfolk impalers
  3 yaktaur captains
  Josephine (D:13)
  3 fire dragons
  An ice dragon (Depths:1)
  2 great orbs of eyes
  4 rakshasas
  Fannar (D:11)
  A catoblepas (Shoals:2)
  Harold (Orc:2)
  20 naga warriors
  12 centaur warriors
  15 hydras
  7 merfolk avatars
  14 merfolk aquamancers
  Erica (D:8)
  9 anacondas
  A death knight (Crypt:1)
  3 alligator snapping turtles
  A dancing weapon (Vaults:2)
  2 tengu warriors (Depths:1)
  3 deep troll shamans
  7 death yaks
  3 deep troll earth magi
  9 ogre magi
  The ghost of ololoev the Destroyer, a journeyman TeCj of Vehumet (D:11)
  4 thrashing horrors (WizLab)
  A satyr (Shoals:3)
  A spriggan berserker (Depths:1)
  The ghost of puimuR the Cleaver, a novice DsBe of Trog (D:11)
  8 shock serpents
  3 deep elf knights
  An orc high priest (Orc:4)
  Sonja (D:11)
  22 naga sharpshooters
  A shadow wraith (Vaults:2)
  4 salamander mystics
  2 sun demons (WizLab)
  6 skeletal warriors
  3 wizards
  A storm dragon skeleton (Vaults:3)
  21 sea snakes
  5 fire crabs
  The ghost of puimuR the Cleaver, a novice DsBe of Trog (D:10)
  4 swamp dragons
  22 deep trolls
  4 hill giants
  An obsidian statue (WizLab)
  7 naga ritualists
  Pikel (D:8)
  A deep elf summoner (Vaults:3)
  14 harpies
  A necromancer (Vaults:2)
  A deep elf conjurer (Vaults:1)
  10 ironbrand convokers
  8 cyclopes
  The ghost of AAAAA the Carver, a novice DsFi of Ashenzari (D:6)
  An orb spider (shapeshifter) (Depths:1)
  30 slime creatures
  2 oklob plants
  3 orc sorcerers (Orc:4)
  8 water nymphs
  6 orc knights
  3 wolf spiders
  A fire giant zombie (Vaults:2)
  10 salamanders
  9 griffons
  13 fauns
  A tengu skeleton (Vaults:3)
  10 manticores
  4 guardian serpents
  6 elephants
  11 mana vipers
  2 sixfirhies (WizLab)
  22 ugly things
  2 stone giant skeletons
  13 sirens
  A hornet (Vaults:2)
  A frost giant skeleton (Vaults:3)
  Maurice (D:9)
  Joseph (Lair:1)
  2 fire giant skeletons (Vaults:3)
  4 centaur zombies
  30 naga magi
  Psyche (D:9)
  A torpor snail (Lair:8)
  53 black mambas
  7 vault sentinels
  16 spiny frogs
  A yaktaur zombie (Vaults:2)
  2 kobold demonologists (D:14)
  29 yaktaurs
  3 fire drakes
  An efreet (D:15)
  6 freezing wraiths
  A green draconian skeleton (Crypt:1)
  6 human skeletons (Vaults:3)
  A yaktaur skeleton (Vaults:3)
  A troll (shapeshifter) (Depths:1)
  A spriggan druid (Lair:7)
  11 komodo dragons
  The ghost of SaintRoka the Ducker, a novice VSMo (D:5)
  13 polar bears
  19 two-headed ogres
  A polar bear (shapeshifter) (Vaults:2)
  35 merfolk
  2 trolls
  3 deep elf priests
  A wolf spider simulacrum (Vaults:1)
  15 snapping turtles
  2 wind drakes
  17 blink frogs
  3 raiju
  4 boulder beetles
  A spriggan (shapeshifter) (Depths:1)
  A blink frog (shapeshifter) (D:14)
  22 water elementals
  6 starcursed masses (WizLab)
  5 wraiths
  Sigmund (D:6)
  45 yaks
  A trapdoor spider (D:11)
  6 wyverns
  7 deep elf magi
  2 fire elementals (Depths:2)
  5 basilisks
  Grum (D:8)
  17 vampire mosquitoes
  12 hippogriffs
  4 hungry ghosts
  5 hogs
  8 deep elf fighters
  9 mottled dragons
  Menkaure (D:4)
  3 insubstantial wisps (WizLab)
  61 nagas
  4 steam dragons
  Edmund (D:4)
  2 soldier ants
  3 swamp worms (Snake:2)
  24 wolves
  A soldier ant (shapeshifter) (Depths:1)
  2 spatial vortices (WizLab)
  8 wargs
  2 deep troll skeletons
  A swamp drake (Snake:2)
  19 water moccasins
  32 orc warriors
  13 porcupines
  27 ogres
  3 eyes of draining
  6 ice beasts
  5 sky beasts
  2 slaves (D:8)
  A necrophage (D:9)
  3 phantoms
  18 black bears
  14 centaurs
  5 hell hounds
  2 boggarts
  An elf skeleton (Vaults:3)
  A brain worm (Lair:4)
  5 big kobolds
  15 crocodiles
  A human zombie (Vaults:2)
  A wyvern zombie (D:13)
  15 giant frogs
  2 scorpions
  3 killer bees (D:13)
  An electric eel (Lair:8)
  2 crimson imps
  18 jellies
  3 lava snakes (Lab)
  A giant frog zombie (D:13)
  A quasit (D:13)
  6 centaur skeletons
  38 orc wizards
  28 orc priests
  5 giant frog skeletons
  15 hounds
  15 iguanas
  6 worker ants
  A boulder beetle simulacrum (Vaults:1)
  31 sheep
  A hound zombie (D:8)
  A hound skeleton (D:5)
  17 adders
  5 gnolls
  34 river rats
  4 shadow imps
  2 ufetubi (WizLab)
  An ooze (D:3)
  3 adder skeletons
  3 worms
  5 giant geckos
  161 orcs
  6 giant cockroaches
  7 goblins
  9 hobgoblins
  7 jackals
  25 kobolds
  6 quokkas
  A ball python (D:2)
  3 bats
  A giant gecko zombie (D:8)
  4 giant newts
  2 quokka skeletons
  A quokka zombie (D:5)
  24 rats
  3 fire vortices (Vaults:2)
  5 fungi
  38 plants
  10 tentacles
  A tentacle segment (Shoals:1)
1864 creatures vanquished.

Vanquished Creatures (collateral kills)
  Nikola (Shoals:4)
  Roxanne (Snake:1)
  2 greater nagas
  A deep troll (Snake:2)
  A mana viper (Snake:1)
  A siren (Shoals:4)
  A black mamba (Snake:1)
  A merfolk (Shoals:4)
  A troll (Orc:4)
  A warg (Orc:4)
  A swamp worm (Snake:2)
  A swamp drake (Snake:2)
  A naga (Snake:4)
  An ogre (Orc:4)
  A lava snake (Lab)
  An orc priest (Vaults:1)
  An orc (Orc:4)
18 creatures vanquished.

Vanquished Creatures (others)
  A lich (Vaults:1)
  An unseen horror (Vaults:1)
  A jumping spider (shapeshifter) (Vaults:1)
  A hound zombie (D:8)
  A shadow imp (D:8)
  An orc (D:8)
  A jackal (D:9)
  2714 eldritch tentacle segments (WizLab)
  A fire vortex (Vaults:2)
  15 fungi
  A lurking horror (WizLab)
  50 plants
  2 starspawn tentacles (WizLab)
  9 tentacles
  366 tentacle segments
3165 creatures vanquished.

Grand Total: 5047 creatures vanquished

Notes
Turn   | Place    | Note
--------------------------------------------------------------
     0 | D:1      | ketsa the Minotaur Berserker began the quest for the Orb.
     0 | D:1      | Reached XP level 1. HP: 19/19 MP: 0/0
   135 | D:1      | Reached XP level 2. HP: 20/27 MP: 1/1
   453 | D:1      | Reached skill level 4 in Fighting
   560 | D:1      | Reached ** piety under Trog
  1017 | D:2      | Found a faded altar to an unknown god.
  1086 | D:2      | Reached XP level 3. HP: 24/34 MP: 2/2
  1684 | D:2      | Reached XP level 4. HP: 36/41 MP: 3/3
  2127 | D:3      | Reached skill level 5 in Axes
  2131 | D:3      | Reached *** piety under Trog
  2534 | D:4      | Found a basalt altar of Yredelemnul.
  2539 | D:4      | Noticed Menkaure
  2827 | D:4      | Reached XP level 5. HP: 37/47 MP: 4/4
  2910 | D:4      | Reached skill level 5 in Fighting
  3218 | D:4      | Noticed a phantom
  3339 | D:4      | Reached XP level 6. HP: 45/56 MP: 5/5
  3414 | D:4      | Reached **** piety under Trog
  3414 | D:4      | Reached skill level 6 in Axes
  3446 | D:4      | Killed a phantom
  3482 | D:5      | Entered Level 5 of the Dungeon
  3522 | D:5      | Reached skill level 5 in Armour
  3638 | D:5      | Noticed SaintRoka's ghost (novice VSMo)
  3684 | D:5      | Killed SaintRoka's ghost
  3684 | D:5      | Reached skill level 7 in Axes
  3684 | D:5      | Reached XP level 7. HP: 62/62 MP: 6/6
  4140 | D:5      | Reached skill level 8 in Axes
  4144 | D:5      | Found an opulent altar of Gozag.
  4198 | D:5      | Noticed a hippogriff
  4208 | D:5      | Killed a hippogriff
  4210 | D:5      | Reached XP level 8. HP: 59/71 MP: 7/7
  4214 | D:5      | Found a sparkling altar of Nemelex Xobeh.
  4853 | D:6      | Found a staircase to the Ecumenical Temple.
  4862 | Temple   | Entered the Ecumenical Temple
  5131 | D:6      | Reached skill level 9 in Axes
  5213 | D:6      | Noticed AAAAA's ghost (novice DsFi)
  5236 | D:6      | Killed AAAAA's ghost
  5521 | D:6      | Noticed Sigmund
  5525 | D:6      | Killed Sigmund
  6021 | D:7      | Found a shadowy altar of Dithmenos.
  6275 | D:7      | Reached skill level 10 in Axes
  6275 | D:7      | Reached XP level 9. HP: 80/82 MP: 8/8
  6599 | D:8      | Noticed Erica
  6611 | D:8      | Noticed Pikel
  6615 | D:8      | Killed Erica
  6621 | D:8      | Killed Pikel
  6621 | D:8      | Reached skill level 11 in Axes
  6721 | D:8      | HP: 4/127 [orc warrior/short sword of electrocution (6)]
  7063 | D:8      | Found a staircase to the Lair.
  7198 | D:8      | Found Fudycsoc's Assorted Antiques.
  7203 | D:8      | Found a burning altar of Makhleb.
  7207 | D:8      | Bought a scroll of identify for 50 gold pieces
  7207 | D:8      | Bought a scroll labeled QOLURUO OMISI for 25 gold pieces
  7207 | D:8      | Bought a scroll labeled MANWE VEOWO for 25 gold pieces
  7214 | D:8      | Found a glowing silver altar of Zin.
  7240 | D:8      | Noticed Grum
  7243 | D:8      | Reached skill level 10 in Fighting
  7249 | D:8      | Killed Grum
  7251 | D:8      | Reached XP level 10. HP: 60/93 MP: 9/9
  7582 | D:8      | Reached skill level 10 in Armour
  7979 | D:8      | Noticed a green death
  7983 | D:8      | Noticed an angel
  8112 | D:9      | Noticed Maurice
  8169 | D:9      | Reached ***** piety under Trog
  8191 | D:9      | Found a huge runed gate.
  8191 | D:9      | Noticed a griffon
  8192 | D:9      | Found a huge runed gate.
  8192 | D:9      | Found a huge runed gate.
  8192 | D:9      | Found a huge runed gate.
  8200 | D:9      | Noticed a griffon
  8244 | D:9      | Noticed Psyche
  8251 | D:9      | Killed Psyche
  8391 | D:9      | Found an ancient bone altar of Kikubaaqudgha.
  8392 | D:9      | Found a radiant altar of Vehumet.
  8476 | D:9      | Killed Maurice
  8476 | D:9      | Reached skill level 12 in Axes
  8881 | D:9      | Noticed Erolcha
  8892 | D:9      | Killed Erolcha
  9183 | D:10     | Entered Level 10 of the Dungeon
  9314 | D:10     | Got a brightly glowing leather armour
  9493 | D:10     | Reached XP level 11. HP: 104/104 MP: 10/10
  9514 | D:10     | Received a gift from Trog
  9841 | D:10     | Reached skill level 13 in Axes
  9850 | D:10     | Noticed puimuR's ghost (novice DsBe)
  9890 | D:10     | Killed puimuR's ghost
 10347 | D:10     | Noticed a hill giant
 10356 | D:10     | Killed a hill giant
 10753 | Lair:1   | Entered Level 1 of the Lair of Beasts
 10791 | Lair:1   | Noticed Joseph
 10890 | Lair:1   | Reached skill level 1 in Evocations
 11508 | Lair:1   | Identified a +0 rod of clouds (13/13) (You found it on level 1 of the Lair of Beasts)
 12222 | Lair:2   | Received a gift from Trog
 12255 | Lair:2   | Identified the cursed +1 leather armour "Riton" {rPois rF+ MR+ SInv} (You found it on level 10 of the Dungeon)
 12390 | Lair:2   | Reached skill level 1 in Throwing
 12902 | Lair:3   | Reached skill level 14 in Axes
 13055 | Lair:3   | Reached XP level 12. HP: 94/113 MP: 13/13
 13071 | Lair:3   | Got an ancient plate armour
 13095 | Lair:3   | Identified the cursed +1 plate armour of the Thunderstorm {rC+} (You found it on level 3 of the Lair of Beasts)
 14072 | Lair:4   | Noticed a four-headed hydra
 14082 | Lair:4   | Killed a one-headed hydra
 14252 | Lair:4   | Noticed an eight-headed hydra
 14261 | Lair:4   | Killed a five-headed hydra
 14679 | Lair:5   | Found a staircase to the Snake Pit.
 14728 | Lair:5   | Reached skill level 15 in Axes
 14762 | Snake:1  | Entered Level 1 of the Snake Pit
 14918 | Lair:5   | Reached skill level 5 in Evocations
 14940 | Lair:5   | Found a staircase to the Shoals.
 14960 | Shoals:1 | Entered Level 1 of the Shoals
 15758 | Lair:6   | Reached XP level 13. HP: 119/119 MP: 15/15
 15799 | Lair:6   | Found a labyrinth entrance.
 15816 | Lair:6   | Received a gift from Trog
 15817 | Lair:6   | Noticed Kirke
 15834 | Lair:6   | Killed Kirke
 15851 | Lab      | Entered a labyrinth
 15884 | Lab      | Got a warped chain mail
 15953 | Lab      | Identified a +0 pair of boots of running (You found it in a labyrinth)
 16034 | Lair:6   | Identified the +4 chain mail "Lijiqeuh" {Str+6 Dex+2 SInv} (You found it in a labyrinth)
 16349 | Lair:6   | Noticed an eight-headed hydra
 16354 | Lair:6   | Killed a six-headed hydra
 16487 | Lair:6   | Reached skill level 16 in Axes
 16614 | Lair:6   | Reached skill level 5 in Throwing
 16832 | Lair:7   | Noticed Rupert
 16878 | Lair:6   | Received a gift from Trog
 17019 | Lair:8   | Entered Level 8 of the Lair of Beasts
 17190 | Lair:7   | Received a gift from Trog
 17190 | Lair:7   | Reached skill level 15 in Armour
 17266 | Lair:7   | Killed Rupert
 17832 | Lair:7   | Reached XP level 14. HP: 115/127 MP: 18/18
 18524 | Lair:1   | Received a gift from Trog
 18875 | Lair:1   | Noticed a four-headed hydra
 18882 | Lair:1   | Killed a one-headed hydra
 19052 | Lair:1   | Killed Joseph
 19266 | D:11     | Noticed Sonja
 19268 | D:11     | Killed Sonja
 19268 | D:11     | Reached skill level 17 in Axes
 19274 | D:11     | Received a gift from Trog
 19389 | D:11     | Noticed puimuR's ghost (novice DsBe)
 19394 | D:11     | Noticed Fannar
 19415 | D:11     | Noticed Anothat's ghost (journeyman TrMo)
 19438 | D:11     | Killed Anothat's ghost
 19721 | D:11     | Noticed ololoev's ghost (journeyman TeCj)
 19785 | D:11     | Killed Fannar
 19787 | D:11     | Killed puimuR's ghost
 19789 | D:11     | Killed ololoev's ghost
 20817 | D:12     | Found a staircase to the Orcish Mines.
 20912 | D:12     | Received a gift from Trog
 21270 | Orc:1    | Entered Level 1 of the Orcish Mines
 21270 | Orc:1    | Found Xitteloug's Distillery.
 21300 | Orc:1    | Bought a potion of heal wounds for 80 gold pieces
 21300 | Orc:1    | Bought a potion of curing for 48 gold pieces
 21300 | Orc:1    | Bought a potion of curing for 48 gold pieces
 21733 | Orc:1    | Reached ****** piety under Trog
 21783 | Orc:2    | Noticed Harold
 21797 | Orc:2    | Killed Harold
 21917 | Orc:3    | Found a staircase to the Elven Halls.
 21981 | Elf:1    | Entered Level 1 of the Elven Halls
 21986 | Elf:1    | Received a gift from Trog
 22181 | Orc:3    | Found a roughly hewn altar of Beogh.
 22816 | Orc:3    | Received a gift from Trog
 22913 | Orc:4    | Entered Level 4 of the Orcish Mines
 22988 | Orc:4    | Found Vaugh's Antique Weapon Shop.
 23083 | Orc:4    | Found Tuninoph's Antique Armour Emporium.
 23368 | Orc:4    | Noticed an orc warlord
 23378 | Orc:4    | Killed an orc warlord
 23401 | Orc:4    | Found a roughly hewn altar of Beogh.
 23427 | Orc:4    | Received a gift from Trog
 23544 | Orc:4    | Found Juischaps's Antique Weapon Shoppe.
 23575 | Orc:4    | Found Kiut's General Store.
 23603 | Orc:4    | Found Ymulukko's Jewellery Shoppe.
 23632 | Orc:4    | Found Xeexzol's Antique Armour Shoppe.
 23679 | Orc:4    | Reached skill level 18 in Axes
 23704 | Orc:4    | Found Gemp's Food Shop.
 23762 | Orc:4    | Found Ynuawn's Weapon Shoppe.
 23918 | Orc:4    | Noticed Nessos
 23924 | Orc:4    | Killed Nessos
 24201 | Orc:4    | Bought the amulet "Uzosaz" {Clar rF+ rC+ Dex+3 Stlth-} for 642 gold pieces
 24296 | Orc:1    | Bought a potion of curing for 48 gold pieces
 24296 | Orc:1    | Bought a potion of curing for 48 gold pieces
 24976 | Lair:8   | Found a staircase to the Slime Pits.
 25234 | Slime:1  | Entered Level 1 of the Pits of Slime
 25268 | Slime:1  | Reached XP level 15. HP: 113/134 MP: 9/20
 25269 | Slime:1  | Noticed an acid blob
 25383 | Lair:8   | Received a gift from Trog
 26019 | Lair:8   | Received a gift from Trog
 26851 | D:4      | Killed Menkaure
 27056 | D:4      | Noticed Edmund
 27062 | D:4      | Killed Edmund
 27637 | D:13     | Noticed Snorg
 27645 | D:13     | Killed Snorg
 28105 | D:13     | Received a gift from Trog
 28147 | D:13     | Noticed Josephine
 28159 | D:13     | Killed Josephine
 28648 | D:13     | Received a gift from Trog
 28653 | D:13     | Found a gate to the Vaults.
 28687 | D:13     | Found a portal to a secret trove of treasure.
 29242 | D:14     | Reached skill level 19 in Axes
 29251 | D:14     | Found a sacrificial altar of Ru.
 29400 | D:15     | Entered Level 15 of the Dungeon
 29400 | D:15     | Found Jeadoc's Food Shoppe.
 30004 | D:14     | Received a gift from Trog
 30160 | D:15     | Found Nopeotee's General Store.
 30172 | D:15     | Bought a +3 plate armour of fire resistance for 540 gold pieces
 30262 | D:15     | Found a shadowy altar of Dithmenos.
 30652 | D:15     | Found a staircase to the Depths.
 30676 | Depths:1 | Entered Level 1 of the Depths
 31298 | Snake:1  | Noticed Roxanne
 31359 | Snake:1  | Noticed a naga warrior
 31382 | Snake:1  | Killed a naga warrior
 31930 | Snake:1  | Found a shimmering altar of Xom.
 31996 | Snake:1  | Reached XP level 16. HP: 135/141 MP: 22/22
 32301 | Snake:1  | Noticed Louise
 32316 | Snake:1  | Killed Louise
 32316 | Snake:1  | Received a gift from Trog
 32484 | Snake:1  | Killed Roxanne
 32794 | Snake:2  | Received a gift from Trog
 33873 | Snake:2  | Reached skill level 20 in Axes
 35050 | Snake:4  | Entered Level 4 of the Snake Pit
 35667 | Snake:3  | Received a gift from Trog
 35684 | Snake:3  | Got a scorched battleaxe {god gift}
 35685 | Snake:3  | Lost intelligence.
 35685 | Snake:3  | Identified the +10 battleaxe of the Moth {chop, rElec rPois rF+++ Int-4} (Trog gifted it to you on level 3 of the Snake Pit)
 36412 | Snake:3  | Reached XP level 17. HP: 117/151 MP: 23/23
 36762 | Snake:3  | Found a shadowy altar of Dithmenos.
 37431 | Shoals:1 | Noticed a kraken
 37443 | Shoals:1 | Killed a kraken
 37582 | Shoals:1 | Noticed a merfolk impaler
 37595 | Shoals:1 | Killed a merfolk impaler
 37759 | Shoals:1 | Received a gift from Trog
 37939 | Shoals:1 | Received a gift from Trog
 38042 | Shoals:2 | Noticed Polyphemus
 38190 | Shoals:2 | Found a runed door.
 38760 | Shoals:2 | Received a gift from Trog
 38764 | Shoals:2 | Reached skill level 21 in Axes
 38996 | Shoals:2 | Killed Polyphemus
 40196 | Shoals:2 | Noticed Donald
 40208 | Shoals:2 | Killed Donald
 40229 | Shoals:2 | Reached skill level 15 in Fighting
 40746 | Shoals:4 | Entered Level 4 of the Shoals
 41412 | Shoals:4 | Noticed Nikola
 42047 | Shoals:3 | Received a gift from Trog
 42106 | Shoals:4 | Found Nidduac's Assorted Antiques.
 42380 | Shoals:3 | Noticed Ilsuiw
 42758 | Shoals:2 | Killed Ilsuiw
 43302 | Shoals:3 | Reached XP level 18. HP: 166/166 MP: 24/24
 43919 | Shoals:4 | Found Egoc's Gadget Emporium.
 44026 | Shoals:4 | Found Tiateytt's Distillery.
 44036 | Shoals:4 | Found Vugeoram's Weapon Boutique.
 44046 | Shoals:4 | Killed Nikola
 44073 | Shoals:4 | Received a gift from Trog
 45629 | Shoals:4 | Reached skill level 22 in Axes
 46033 | Shoals:4 | Found Menwi's Antique Weapon Emporium.
 46038 | Shoals:4 | Bought a potion of heal wounds for 95 gold pieces
 46038 | Shoals:4 | Bought a potion of curing for 57 gold pieces
 46038 | Shoals:4 | Bought a potion of heal wounds for 95 gold pieces
 46038 | Shoals:4 | Bought a potion of haste for 190 gold pieces
 46074 | Shoals:4 | Got a twitching lapis lazuli ring
 46076 | Shoals:4 | Identified the ring of Tension {Ice MR+ MP+9} (You found it on level 4 of the Shoals)
 46477 | Shoals:4 | Got a barnacled rune of Zot
 46603 | Shoals:4 | Received a gift from Trog
 49642 | Snake:4  | Received a gift from Trog
 50100 | Snake:4  | Received a gift from Trog
 50193 | Snake:4  | Reached XP level 19. HP: 85/177 MP: 25/25
 51298 | Snake:4  | Got a pair of bloodstained gloves
 51309 | Snake:4  | Identified the cursed +0 pair of gloves "Gymeyts" {rCorr} (You found it on level 4 of the Snake Pit)
 52680 | Snake:4  | Reached skill level 23 in Axes
 53263 | Snake:4  | Received a gift from Trog
 53577 | Snake:4  | Got a serpentine rune of Zot
 54294 | D:9      | Killed a griffon
 54297 | D:9      | Killed a griffon
 54874 | Depths:1 | Noticed an octopode crusher
 54885 | Depths:1 | Killed an octopode crusher
 55290 | Depths:1 | Received a gift from Trog
 55556 | Depths:1 | Found a gateway to Hell.
 55691 | Depths:2 | Received a gift from Trog
 55916 | Depths:1 | Received a gift from Trog
 56578 | Vaults:1 | Entered Level 1 of the Vaults
 56940 | Vaults:1 | Noticed a lich
 56953 | Vaults:1 | Killed a lich
 56953 | Vaults:1 | Reached XP level 20. HP: 171/189 MP: 26/26
 57731 | Vaults:1 | Received a gift from Trog
 58098 | Vaults:1 | Found a glowing silver altar of Zin.
 58316 | Vaults:1 | Reached skill level 24 in Axes
 58563 | Vaults:1 | Got a sparkling amethyst amulet
 58568 | Vaults:1 | Identified the amulet "Zioz" {Faith *Corrode *Drain +Blink rElec Stlth+} (You took it off an orc priest on level 1 of the Vaults)
 60075 | Vaults:2 | Received a gift from Trog
 60803 | Vaults:2 | Gained mutation: Your spells are a little harder to cast, but a little more powerful. [potion of beneficial mutation]
 61256 | Vaults:2 | Received a gift from Trog
 61969 | Vaults:3 | Reached XP level 21. HP: 172/201 MP: 27/27
 62194 | Vaults:3 | Found Qoejoo's Distillery.
 62202 | Vaults:3 | Bought a potion of heal wounds for 90 gold pieces
 62202 | Vaults:3 | Bought 2 potions of curing for 108 gold pieces
 62202 | Vaults:3 | Bought a potion of resistance for 180 gold pieces
 62475 | Vaults:3 | Reached skill level 5 in Dodging
 62621 | Vaults:3 | Found a staircase to the Crypt.
 62716 | Crypt:1  | Entered Level 1 of the Crypt
 62852 | Vaults:3 | Got a scorched copper ring
 62854 | Vaults:3 | Identified the ring of Duptalib {Fire rPois rN+ Str+4 Dex+3} (You found it on level 3 of the Vaults)
 62898 | Vaults:3 | Received a gift from Trog
 63323 | Vaults:3 | Noticed Norris
 63324 | Vaults:3 | Paralysed by Norris for 3 turns
 63340 | Vaults:3 | Killed Norris
 64084 | Vaults:4 | Found a magical portal.
 64127 | WizLab   | Entered The Roulette of Golubria
 64129 | WizLab   | Found a corrupted altar of Lugonu.
 64437 | WizLab   | Found a corrupted altar of Lugonu.
 64870 | WizLab   | Got a smoking cloak
 64881 | WizLab   | Identified the cursed +0 cloak of Calculation {-Tele Int-3 SInv Stlth+} (You found it in a wizard's laboratory)
 64892 | WizLab   | Got a twisted cloak
 64898 | WizLab   | Identified the cursed +0 cloak "Bergh" {rElec Int+2} (You found it in a wizard's laboratory)
 64925 | WizLab   | Identified Golubria's Incunabulum of Orientation and Benedictions
 64928 | WizLab   | Identified Sif Muna's Handbook of Translocation
 65022 | WizLab   | Paralysed by something for 6 turns
 65027 | WizLab   | HP: 8/204 [thrashing horror (17)]
 65027 | WizLab   | Slain by a thrashing horror

Action                   |  1- 3 |  4- 6 |  7- 9 | 10-12 | 13-15 | 16-18 | 19-21 || total
-------------------------+-------+-------+-------+-------+-------+-------+-------++-------
Melee: Hand axe          |    96 |   164 |   111 |       |       |       |       ||   371
       War axe           |       |       |    84 |   446 |       |       |       ||   530
       Battleaxe         |       |       |       |   248 |  1280 |  1524 |  1261 ||  4313
Throw: Stone             |       |       |       |    25 |       |       |       ||    25
       Tomahawk          |       |       |       |       |    11 |     3 |       ||    14
       Javelin           |       |       |       |       |       |     3 |     6 ||     9
Invok: Trog's Hand       |       |     1 |     1 |     3 |     5 |     5 |     7 ||    22
       Berserk           |       |     1 |     6 |     4 |     6 |     7 |     3 ||    27
       Brothers in Arms  |       |       |       |     1 |     2 |     6 |     1 ||    10
 Abil: Evoke Flight      |       |       |       |       |       |    12 |     4 ||    16
Evoke: Wand              |       |       |       |       |       |     5 |     5 ||    10
       Lamp of fire      |       |       |       |       |       |     1 |       ||     1
  Use: Scroll            |       |    11 |     3 |     7 |    14 |    10 |    12 ||    57
       Potion            |       |       |     1 |     8 |     3 |     2 |     3 ||    17
 Stab: Distracted        |       |       |       |       |     2 |     2 |       ||     4
  Eat: Chunk             |     2 |     7 |    14 |    24 |    43 |    20 |    10 ||   120
       Beef jerky        |       |       |     2 |     1 |     6 |     1 |     1 ||    11
       Fruit             |       |       |     2 |     3 |     5 |       |     3 ||    13
       Royal jelly       |       |       |       |     2 |     1 |       |       ||     3
       Meat ration       |       |       |       |     1 |     1 |     9 |     6 ||    17
       Pizza             |       |       |       |       |     1 |       |     1 ||     2
       Bread ration      |       |       |       |       |       |       |     1 ||     1
